 Dungeon Crawl Stone Soup version 0.01-2087-gb5e28fc70b (webtiles) character file.

Game seed: 2603869874475908272, levelgen mode: deterministic

2080 diana the Nimble (level 9, -4/54 HPs) Silent Spectre Gladiator. Began on May 28, 2020. Was an Initiate of Gozag. Slain by an orc warrior ... wielding a +0 mace (8 damage) ... on level 3 of the Dungeon. The game lasted 00:10:31 (4460 turns).

diana the Nimble (Silent Spectre Gladiator)         Turns: 4460, Time: 00:10:32

Health: -4/54      AC:  4    Str: 10    XL:     9 ^: 2556
Magic:  0/13       EV: 23    Int: 11    God:    Gozag
Gold:   195        SH:  6    Dex: 21    Spells: 8/8 levels left

rFire    . . .     Vision   .   a - +0 long sword
rCold    . . .     Gourm    .   j - +0 buckler
rNeg     + + +     Faith    .   b - +0 leather armour
rPois    ∞         Spirit   +   c - +0 helmet
rElec    .         Reflect  .   (no cloak)
rCorr    .         Harm     .   (no gloves)
MR       +....                  (no boots)
Stlth    ++........             l - amulet of guardian spirit
HPRegen  0.28/turn              (no ring)
MPRegen  0.23/turn              (no ring)

@: silenced
A: silence aura, negative energy resistance 3, torment resistance, unbreathing,
petrification resistance, silent casting, insubstantial
a: Potion Petition, Call Merchant, Bribe Branch, Renounce Religion


You were on level 3 of the Dungeon.
You worshipped Gozag.
Gozag was aware of your devotion.
You were not hungry.

You visited 2 branches of the dungeon, and saw 5 of its levels.

You collected 247 gold pieces.
You paid 52 gold pieces to Gozag.

Inventory:

Weapons
 a - a +0 long sword (weapon) Shields
 j - a +0 buckler (shield)
Armour
 b - a +0 leather armour (worn)
 c - a +0 helmet (worn)
Jewellery
 l - an amulet of guardian spirit (around neck)
Wands
 d - a wand of ensnaring (6)
 i - a wand of flame
 m - a wand of healing (2)
Potions
 e - 2 potions of heal wounds
 f - 5 potions of curing
 g - 2 potions of brilliance
 h - 3 potions of magic
 k - a potion of cancellation


   Skills:
 + Level 5.0 Fighting
 + Level 6.5 Long Blades
 - Level 0.4 Armour
 * Level 10.0 Dodging
 - Level 1.6 Stealth
 - Level 1.0 Unarmed Combat
 - Level 2.1 Evocations


You had 8 spell levels left.
You didn't know any spells.
Your spell library was empty.

Dungeon Overview and Level Annotations

Branches:
Dungeon (4/8)              Temple (1/1) D:4

Altars:
Ashenzari
Dithmenos
Elyvilon
Gozag
Kikubaaqudgha
Nemelex Xobeh
Qazlal
Ru
The Shining One
Lugonu

Annotations:
D:4 Psyche


Innate Abilities, Weirdness & Mutations

You are surrounded by an aura of unnatural quiet.
You are immune to poison.
You are immune to negative energy. (rN+++)
You are immune to unholy pain and torment.
You can survive without breathing.
You are immune to petrification.
You can communicate with gods and cast spells while silenced.
Your insubstantial form boosts your evasion and grants immunity to sticky flames, nets and constriction.


Message History

You hit the orc warrior but do no damage.
The orc warrior is heavily wounded. (15/28) HP Evoke which item? (* to show all) (? for menu, Esc to quit)
Aiming: Web Wand
Press: ? - help, Shift-Dir - straight line, f/p - orc warrior
Aim: an orc warrior, wielding a +0 mace and wearing a +0 chain mail (silenced, heavily wounded (15/28))
The stream of webbing hits the orc warrior (0).
The orc warrior is caught in a web!
The orc warrior is heavily wounded. (15/28) HP You hit the orc warrior (1).
The orc warrior is heavily wounded. (14/28) HP You strike the helpless orc warrior from behind!
You hit the orc warrior but do no damage.
The orc warrior is heavily wounded. (14/28) HP The orc warrior tears the web.
You hit the orc warrior (1).
The orc warrior is heavily wounded. (13/28) HP The orc warrior hits you with a +0 mace (11)!
You die...
Your body crumbles into a pile of gold.

# #)# # #.# # #.#
# #.# # #.# # #.#
#.#
####.#############
...............o@#
##################


You could see an orc warrior.

Vanquished Creatures
  Pikel (D:3)
  Sigmund (D:3)
  Duvessa (D:3)
  An orc warrior (D:3)
  2 sky beasts (D:4)
  2 porcupines (D:3)
  An ice beast (D:4)
  An ogre (D:4)
  Dowan (D:3)
  A crimson imp (D:4)
  A jelly (D:4)
  2 orc wizards (D:4)
  2 orc priests
  2 hounds
  An iguana (D:4)
  4 worker ants
  A wyvern skeleton (D:4)
  3 bullfrog skeletons
  A porcupine skeleton (D:3)
  A gnoll (D:1)
  7 adders
  A white imp (D:4)
  A worm (D:2)
  2 oozes
  3 dart slugs
  A leopard gecko (D:2)
  23 orcs
  An adder skeleton (D:3)
  11 bats
  8 giant cockroaches
  11 goblins
  9 hobgoblins
  4 jackals (D:4)
  2 quokkas
  11 frilled lizards
  12 kobolds
  11 rats
148 creatures vanquished.

Vanquished Creatures (others)
  A crimson imp (D:3)
  A goblin (D:2)
  A quokka (D:2)
  A bat (D:2)
4 creatures vanquished.

Grand Total: 152 creatures vanquished

Notes
Turn   | Place    | Note
-------+----------+-------------------------------------------
     0 | D:1      | diana the Silent Spectre Gladiator began the quest for the
                  | Orb.
     0 | D:1      | Reached XP level 1. HP: 12/12 MP: 5/5
   107 | D:1      | Reached XP level 2. HP: 17/17 MP: 6/6
   280 | D:1      | Reached skill level 4 in Dodging
   384 | D:1      | Reached XP level 3. HP: 21/21 MP: 7/7
   583 | D:1      | Reached skill level 1 in Stealth
   899 | D:2      | Reached XP level 4. HP: 26/26 MP: 8/8
   934 | D:2      | HP: 1/26 [hobgoblin/+0 club (6)]
   940 | D:2      | HP: 1/26 [goblin (1)]
  1116 | D:2      | Reached skill level 1 in Unarmed Combat
  1311 | D:2      | Found a glowing drain.
  1375 | D:2      | Found a white marble altar of Elyvilon.
  1414 | D:2      | Found a shattered altar of Ashenzari.
  1425 | D:2      | Reached XP level 5. HP: 30/30 MP: 9/9
  2089 | D:3      | Noticed a porcupine
  2095 | D:3      | Killed a porcupine
  2095 | D:3      | Reached skill level 5 in Dodging
  2095 | D:3      | Reached XP level 6. HP: 30/36 MP: 10/10
  2238 | D:3      | Reached skill level 6 in Dodging
  2239 | D:3      | Noticed Duvessa
  2355 | D:3      | Reached XP level 7. HP: 33/41 MP: 11/11
  2391 | D:3      | Noticed Sigmund
  2391 | D:3      | Noticed Dowan
  2397 | D:3      | Noticed Pikel
  2399 | D:3      | Killed Sigmund
  2399 | D:3      | Reached skill level 5 in Long Blades
  2402 | D:3      | Killed Duvessa
  2402 | D:3      | Reached skill level 7 in Dodging
  2402 | D:3      | Killed Dowan
  2406 | D:3      | HP: 1/41 [Pikel/+2 whip of freezing (2)]
  2408 | D:3      | Killed Pikel
  2408 | D:3      | Reached skill level 8 in Dodging
  2408 | D:3      | Reached XP level 8. HP: 25/48 MP: 12/12
  2765 | D:3      | Found a glowing golden altar of the Shining One.
  3172 | D:4      | Reached skill level 9 in Dodging
  3424 | D:4      | Noticed Psyche
  3564 | D:4      | Found a staircase to the Ecumenical Temple.
  3646 | Temple   | Entered the Ecumenical Temple
  3826 | Temple   | Became a worshipper of Gozag Ym Sagoz the Greedy
  4113 | D:3      | Reached skill level 5 in Fighting
  4113 | D:3      | Reached skill level 10 in Dodging
  4113 | D:3      | Reached XP level 9. HP: 19/54 MP: 13/13
  4455 | D:3      | HP: 2/54 [orc warrior/+0 mace (4)]
  4460 | D:3      | Slain by an orc warrior

Levels and vault maps discovered:
D:1:      minmay_arrival_wavy_path, layout_loops_corners
D:2:      layout_basic, lemuel_doored_altar, portal_sewer_entry_c,
          elyvilon_altar_4
D:3:      layout_basic, tso_oasis_becter, first_ration, uniq_pikel,
          uniq_sigmund, uniq_duvessa
D:4:      layout_grid_maze, minmay_temple_entry_large_hall, uniq_psyche
Temple:   kb_corrupted_temple

Skill      XL: |  1  2  3  4  5  6  7  8 |
---------------+-------------------------+-----
Long Blades    | 3 4 5 6 |  6.5
Dodging        | 4 5 6 8 10 | 10.0
Stealth        | 1 |  1.6
Fighting       | 2 3 4 5 |  5.0
Unarmed Combat | 1 |  1.0
Armour         | |  0.4
Evocations     | |  2.1

Action                   |  1- 3 |  4- 6 |  7- 9 || total
-------------------------+-------+-------+-------++-------
Melee: Long sword        |    67 |   126 |   259 ||   452
       Unarmed           |    36 |    90 |    14 ||   140
Evoke: Wand              |       |       |     4 ||     4
  Use: Potion            |       |       |     2 ||     2
 Stab: Sleeping          |     8 |     8 |     3 ||    19
       Distracted        |       |     1 |       ||     1
       Held in net/web   |       |       |     2 ||     2
Armor: Leather armour    |     7 |     7 |    16 ||    30
Dodge: Dodged            |    58 |   131 |   257 ||   446
Block: Buckler           |       |       |    71 ||    71
       Rpst.: Unarmed    |    20 |    38 |    14 ||    72
       Long sword        |    20 |    44 |    75 ||   139
